 Dungeon Crawl Stone Soup version 0.31-a0-1317-gdfb52cb (webtiles) character file.

Game seed: 12243441192516548601

574427 sdynet the Impregnable (level 25, 0/238 HPs)
             Began as an Armataur Brigand on Nov 24, 2023.
             Was the Champion of Jiyva.
             Slain by a vampire knight
             ... wielding a +0 broad axe
              (17 damage)
             ... on level 4 of the Depths on Dec 20, 2023.
             The game lasted 03:23:07 (38206 turns).

sdynet the Impregnable (Armataur Brigand)          Turns: 38206, Time: 03:23:07

Health: 0/238      AC: 45    Str: 20    XL:     25   Next: 18%
Magic:  27/27      EV: 16    Int: 12    God:    Jiyva [******]
Gold:   3285       SH:  0    Dex: 23    Spells: 25/30 levels left

rFire   + . .        b - +9 scimitar (protect)
rCold   + + +        g - orb {mayhem}
rNeg    + . .        F - +1 chain mail of the Tired Stars {rN+ Dex+3}
rPois   +            (helmet unavailable)
rElec   .            G - +2 cloak
rCorr   +            h - +2 pair of gloves {hurl}
SInv    .            y - +4 barding
Will    +....        D - amulet "Nuaniuha" {Acrobat ^Fragile rF+ Regen+ Stlth+}
Stlth   ++++++       o - +5 ring of evasion
HPRegen 2.99/turn    T - ring of Eternal Night {rPois rC++}
MPRegen 1.00/turn

%: mayhem, acrobat, clarity, roll
@: under a protective aura, calling ooze, studying Unarmed Combat
A: large, deformed body, tough skin 3, armoured tail, roll 2, long tongue, horns
3, clarity, cold resistance 3, robust 1, wild magic 1, eyeballs 1, translucent
skin 2, jelly absorbing missiles, MP-powered wands, sturdy frame 2
}: 4/15 runes: barnacled, slimy, silver, gossamer
a: Renounce Religion, Oozemancy, Slimify


You were on level 4 of the Depths.
You worshipped Jiyva.
Jiyva was exalted by your worship.
You visited 12 branches of the dungeon, and saw 52 of its levels.
You also visited: Sewer, Bailey and Gauntlet.

You collected 4451 gold pieces.
You spent 1166 gold pieces at shops.

Inventory:

Hand Weapons
 a - a +4 scimitar of flaming
 b - a +9 scimitar of protection (weapon)
 A - a +1 great sword of flaming
 P - a +2 scimitar of holy wrath
Missiles
 c - 8 throwing nets
 K - 13 datura-tipped darts
 L - 2 atropa-tipped darts
 Y - 14 curare-tipped darts
 Z - 44 poisoned darts (quivered)
Armour
 f - a +2 scale mail of fire resistance
 g - an orb of mayhem (worn)
 h - a +2 pair of gloves of hurling (worn)
 y - a +4 barding (worn)
 F - the +1 chain mail of the Tired Stars (worn) {rN+ Dex+3}
   (You found it on level 5 of the Pits of Slime)

   Dex+3:     It affects your dexterity (+3).
   rN+:       It protects you from negative energy.
 G - a +2 cloak (worn)
 H - the +2 pair of gloves of Inevitability {rElec Will- Regen+ Int+3}
   (You found it on level 3 of the Vaults)

   Int+3:     It affects your intelligence (+3).
   rElec:     It insulates you from electricity.
   Will-:     It decreases your willpower.
   Regen+:    It increases your rate of health regeneration.
 I - a +1 tower shield
 V - the +2 hood of the Assassin {Detect Stab+ Stlth++}
   (You found it in a Gauntlet)

   Detect:    It allows the wearer to sense nearby creatures.
   Stab+:     It allows the wearer to make particularly effective stabbing
   attacks against helpless or unaware enemies with any weapon.
   Stlth++:   It makes you much more stealthy.
Jewellery
 m - the ring of Ignis's Felicitations {^Drain rElec rCorr MP+9 Int+6}
   (You took it off a deep elf annihilator on level 3 of the Elven Halls)

   [ring of intelligence]

   Int+6:     It affects your intelligence (+6).
   rElec:     It insulates you from electricity.
   MP+9:      It affects your magic capacity (+9).
   rCorr:     It protects you from acid and corrosion.
   ^Drain:    It drains your maximum health when unequipped.
 o - a +5 ring of evasion (left hand)
 D - the amulet "Nuaniuha" (around neck) {Acrobat ^Fragile rF+ Regen+ Stlth+}
   (You found it on level 3 of the Elven Halls)

   [amulet of the acrobat]

   Acrobat:   It increases your evasion while moving and waiting.
   rF+:       It protects you from fire.
   Regen+:    It increases your rate of health regeneration.
   ^Fragile:  It will be destroyed if unequipped.
   Stlth+:    It makes you more stealthy.
 T - the ring of Eternal Night (right hand) {rPois rC++}
   (You found it in a Gauntlet)

   [ring of poison resistance]

   rC++:      It greatly protects you from cold.
   rPois:     It protects you from poison
 U - a ring of protection from fire
Wands
 x - a wand of acid (9)
 M - a wand of roots (18)
 W - a wand of digging (23)
Scrolls
 d - 5 scrolls of immolation
 i - 4 scrolls of vulnerability
 j - 11 scrolls of fear {!r}
 p - a scroll of summoning {!r}
 r - 5 scrolls of teleportation {!r}
 w - 9 scrolls of revelation {!r}
 C - 3 scrolls of blinking
 E - 4 scrolls of fog {!r}
Potions
 e - 3 potions of might {!q}
 k - 7 potions of curing {!q}
 l - 3 potions of attraction
 n - a potion of haste {!q}
 q - 2 potions of invisibility {!q}
 s - 2 potions of heal wounds {!q}
 u - a potion of cancellation {!q}
 v - a potion of berserk rage {!q}
 z - 6 potions of ambrosia {!q}
 B - 6 potions of enlightenment {!q!q}
 N - 4 potions of lignification {!q}
 R - 3 potions of mutation
 S - 3 potions of resistance {!q}
Miscellaneous
 t - a phantom mirror
 J - a lightning rod (4/4)
 O - a condenser vane
 Q - a phial of floods


   Skills:
 + Level 22.2 Fighting
 - Level 10.0(16.3) Short Blades
 + Level 20.4(21.1) Long Blades
 - Level 2.0 Throwing
 + Level 25.3 Armour
 - Level 7.6 Dodging
 - Level 12.0 Stealth
 - Level 3.0 Spellcasting
 - Level 9.0 Translocations
 - Level 3.0 Evocations


You had 25 spell levels left.
You knew the following spells:

 Your Spells              Type           Power      Damage    Failure   Level
a - Apportation           Tloc           60%        N/A       2%          1
b - Lesser Beckoning      Tloc           60%        N/A       3%          2
q - Blink                 Tloc           60%        N/A       3%          2

Your spell library contained the following spells:

 Spells                   Type           Power      Damage    Failure   Level
 Momentum Strike          Conj/Tloc      32%        3d8       14%         2
 Volatile Blastmotes      Fire/Tloc      32%        2d12      26%         3
 Freeze                   Ice            8%         1d3       45%         1
 Necrotise                Necr           8%         1d4       45%         1
 Sandblast                Erth           4%         2d4       45%         1
 Sting                    Conj/Alch      8%         1d3       45%         1
 Summon Small Mammal      Summ           8%         N/A       45%         1
 Ensorcelled Hibernation  Hex/Ice        4%         N/A       61%         2
 Mercury Vapours          Alch/Air       4%         N/A       61%         2
 Passwall                 Alch/Erth      1%         N/A       61%         2
 Scorch                   Fire           4%         2d5       61%         2
 Sublimation of Blood     Necr           2%         N/A       61%         2
 Dimensional Bullseye     Hex/Tloc       8%         N/A       61%         4
 Iskenderun's Mystic Bla  Conj/Tloc      16%        2d5       61%         4
 Call Canine Familiar     Summ           2%         N/A       82%         3
 Frozen Ramparts          Ice            4%         1d1       82%         3
 Fugue of the Fallen      Necr           2%         N/A       82%         3
 Hailstorm                Conj/Ice       2%         3d5       82%         3
 Mephitic Cloud           Conj/Alch/Air  2%         N/A       82%         3
 Sigil of Binding         Hex            2%         N/A       82%         3
 Stone Arrow              Conj/Erth      4%         3d7       82%         3
 Summon Guardian Golem    Hex/Summ       2%         N/A       82%         3
 Swiftness                Air            2%         N/A       82%         3
 Tukima's Dance           Hex            2%         N/A       82%         3
 Vampiric Draining        Necr           2%         2d6       82%         3
 Summon Forest            Summ/Tloc      8%         N/A       90%         5
 Animate Armour           Summ/Erth      4%         N/A       99%         4
 Flame Wave               Conj/Fire      2%         2d4       99%         4
 Fulminant Prism          Conj/Alch      1%         3d5       99%         4
 Ignite Poison            Fire/Alch      2%         N/A       99%         4
 Olgreb's Toxic Radiance  Alch           2%         N/A       99%         4
 Petrify                  Alch/Erth      2%         N/A       99%         4
 Agony                    Necr           2%         N/A       100%        5
 Freezing Cloud           Conj/Ice/Air   1%         6-21      100%        5
 Irradiate                Conj/Alch      1%         3d12      100%        5
 Iskenderun's Battlesphe  Conj           2%         2d6       100%        5
 Silence                  Hex/Air        1%         N/A       100%        5
 Bombard                  Conj/Erth      1%         9d1       100%        6
 Eringya's Noxious Bog    Alch           1%         4d6       100%        6
 Starburst                Conj/Fire      1%         6d3       100%        6
 Summon Cactus Giant      Summ           1%         N/A       100%        6
 Spellforged Servitor     Conj/Summ      1%         N/A       100%        7
 Lehudib's Crystal Spear  Conj/Erth      1%         10d2      100%        8
 Maxwell's Capacitive Co  Air            1%         ∞         100%        8
 Summon Horrible Things   Summ           1%         N/A       100%        8
 Shatter                  Erth           1%         3d5*      100%        9


Dungeon Overview and Level Annotations

Branches:
Dungeon (15/15)            Temple (1/1) D:6            Lair (5/5) D:11
 Shoals (4/4) Lair:2       Spider (4/4) Lair:3        Slime (5/5) Lair:5
    Orc (2/2) D:12            Elf (3/3) Orc:2        Vaults (5/5) D:14
  Crypt (3/3) Vaults:3     Depths (4/4) D:15            Zot (1/5) Depths:4
  Sewer (visited)          Bailey (visited)         Gauntlet (visited)
   Tomb: Crypt:3

Altars:
Ashenzari
Cheibriados
Dithmenos
Elyvilon
Fedhas
Gozag
Hepliaklqana
Kikubaaqudgha
Makhleb
Nemelex Xobeh
Okawaru
Qazlal
Ru
Sif Muna
Trog
Uskayaw
Vehumet
Wu Jian
Xom
Yredelemnul
Zin
The Shining One
Jiyva
Lugonu

Shops:
D:8 ?[   D:13 ?=?   Orc:2 ([=(   Elf:1 *   Elf:3 *[   Shoals:2 !   Vaults:1 (
Vaults:2 *   Vaults:3 ?=?

Portals:
Hell: Depths:1
Abyss: Lair:5
Trove: D:10 (give +3 shadow dragon scales)

Annotations:
D:3 exclusion: door
D:9 3 runed translucent doors, Agrajag's ghost, journeyman DjCj
D:10 2 transporters, ooops's ghost, journeyman OpCj
D:11 1 runed translucent door, sol123's ghost, journeyman DjFE
D:15 3 runed translucent doors, Orra's ghost, adept MiAK; Riudim's ghost, journeyman MiAr
Shoals:1 3 runed translucent doors, Pogock's ghost, adept MiFi
Slime:2 Dissolution
Slime:5 Royal Jelly
Elf:2 3 runed translucent doors
Zot:1 Parghit


Innate Abilities, Weirdness & Mutations

Armour fits poorly on your strangely shaped body.
You have extremely tough skin. (AC +3)
You have a long armoured tail.
You regenerate magic and health when rolling toward enemies. (Rampage Regen)
Your long tongue fully drains potion bottles. (2x potion effects)
You have a pair of large horns on your head.
You possess an exceptional clarity of mind.
Your flesh is almost immune to the effects of cold. (rC+++)
You are robust. (+10% HP)
Your spells are a little harder to cast, but a little more powerful.
Your body has grown eyes which may confuse attackers. (Acc +3)
Your translucent skin reduces your foes' accuracy. (Stealth+)
You have a small jelly attached to you that may absorb projectiles.
You expend magic power (3 MP) to strengthen your wands.
Your movements are less encumbered by armour. (ER -4)


Message History

Something closely misses the yellow draconian.
Something bites you but does no damage.
The walls burn the white draconian!
The white draconian closely misses you.
You slash the white draconian! You headbutt the white draconian!!
Your tail-slap misses the white draconian.
The white draconian is heavily wounded.
The walls burn the yellow draconian!
The yellow draconian hits you with a +0 short sword!
* * * LOW HITPOINT WARNING * * *
The walls burn something!
Something barely misses you.
Something hits the yellow draconian!
Something barely misses you.
The walls burn the white draconian!
The white draconian hits you but does no damage.
You slash the white draconian! You headbutt the white draconian.
The white draconian is severely wounded.
The walls burn the yellow draconian!
The yellow draconian hits you with a +0 short sword!
* * * LOW HITPOINT WARNING * * *
You slice the white draconian!! You headbutt the white draconian.
The white draconian is almost dead.
The walls burn the yellow draconian!
The yellow draconian closely misses you.
The walls burn something!
Something hits you.
* * * LOW HITPOINT WARNING * * *
Something hits the yellow draconian.
Something barely misses you.
The walls burn the white draconian!
The white draconian closely misses you.
You hit the white draconian. You headbutt the white draconian.
You kill the white draconian!
The walls burn the yellow draconian!
The yellow draconian closely misses you.
The walls burn something!
Something hits you but does no damage.
Something hits the yellow draconian!
Something bites you but does no damage.
The walls burn the yellow draconian!
The yellow draconian hits you with a +0 short sword.
* * * LOW HITPOINT WARNING * * *
You slash something!
The walls burn the yellow draconian!
The yellow draconian hits you with a +0 short sword!
* * * LOW HITPOINT WARNING * * *
The walls burn something!
Something hits you!
You die...

## ... #.# #.. .#. #...
..# ..# (.
#...#..######..#
....##.#.###....##.##
........#........#..#
...[###....#####'#..# .
#...J.##.+[).#..# T.
#..8..#..#[@{#..# .
#.....#..#.)d'.##
###...#..#'#####
##...#..#. # ##..)###.##
#.#...#..#..######
#.##..#..#.......#..#
####..[#..##.#.......##
.....#......#...8......#


You could see a neutral yellow draconian (fast, strong, frenzied).

Vanquished Creatures
  A dread lich (Vaults:5)
  An ancient lich (Vaults:5)
  A juggernaut (Depths:4)
  2 golden dragons
  The ghost of Kimaxt the Thanatomancer, a veteran DjAE of Makhleb (Vaults:3)
  Arachne (Spider:3)
  Norris (Vaults:1)
  A Brimstone Fiend (Vaults:3)
  2 tentacled monstrosities (Vaults:5)
  2 liches
  A walking earthen tome (Depths:4)
  2 deep elf master archers (Elf:3)
  A deep elf blademaster (Elf:3)
  An ancient champion (Crypt:2)
  2 quicksilver dragons (Vaults:5)
  4 titans (Vaults:5)
  5 sphinxes
  6 tengu reavers
  Frances (Elf:1)
  4 shadow dragons
  A draconian monk (Zot:1)
  3 storm dragons
  3 fire giants
  7 ghost moths
  4 emperor scorpions (Spider:4)
  16 vault wardens
  2 deep elf elementalists (Elf:3)
  7 deep elf sorcerers
  6 frost giants
  A curse skull (Crypt:2)
  A draconian stormcaller (Depths:4)
  2 orc warlords
  12 ironbound preservers
  9 ghouls
  4 very ugly things
  An angel (Shoals:4)
  A war gargoyle (Vaults:1)
  9 stone giants
  A deep elf demonologist (Elf:3)
  12 ironbound thunderhulks
  3 vampire knights
  8 deep elf annihilators
  3 spark wasps
  A minotaur (Gauntlet)
  11 dire elephants
  2 white draconians (Depths:4)
  2 yellow draconians (Depths:4)
  3 eidola
  A crystal guardian (Vaults:1)
  4 entropy weavers
  10 merfolk impalers
  A fire dragon (Depths:2)
  3 merfolk javelineers
  17 yaktaur captains
  6 jiangshi
  7 ettins
  9 deep elf death magi
  Erolcha (D:11)
  6 deep elf high priests
  25 vault guards
  4 ice dragons
  8 ironbound frosthearts
  A peacekeeper (Vaults:1)
  A catoblepas (Lair:1)
  4 rakshasas
  A fenstrider witch zombie (Crypt:1)
  2 ogre magi
  5 boulder beetles
  8 hydras
  2 spriggan air magi
  2 jorogumos
  A hell beast (Gauntlet)
  5 radroaches
  9 centaur warriors
  4 merfolk aquamancers
  A death knight (Crypt:1)
  2 alligator snapping turtles (Shoals:4)
  14 dancing weapons
  7 two-headed ogres
  2 deep troll earth magi
  2 satyrs
  3 tengu warriors
  5 deep troll shamans (Depths:4)
  3 death yaks
  3 thrashing horrors (Lair:5)
  7 demonic crawlers
  3 vampire magi
  An emperor scorpion zombie (Crypt:3)
  A holy swine (Shoals:4)
  Urug (D:13)
  2 hell knights (Depths:1)
  7 deep elf knights
  An orc high priest (Orc:2)
  A sun moth (Spider:3)
  6 skysharks
  4 pharaoh ants
  2 soul eaters (Crypt:1)
  3 iron trolls
  A flayed ghost (Crypt:1)
  12 sea snakes
  12 skeletal warriors
  2 cherubim (Shoals:4)
  An iron giant zombie (Crypt:2)
  21 deep trolls
  3 large abominations (Lair:5)
  9 orb spiders
  7 orc knights
  7 phantasmal warriors
  8 steelbarb worms
  7 arcanists
  17 ironbound convokers
  10 deep elf archers
  3 necromancers
  7 lindwurms
  10 harpies
  A goliath frog zombie (Crypt:3)
  21 deep elf zephyrmancers
  17 wolf spiders
  6 orc sorcerers (Orc:2)
  14 deep elf pyromancers
  A moth of wrath (Zot:1)
  10 fauns
  12 cyclopes
  A faun (shapeshifter) (Vaults:3)
  25 ugly things
  8 manticores
  3 black mambas
  3 merfolk sirens
  2 naga magi (Vaults:3)
  17 vault sentinels
  3 water nymphs
  A smoke demon (Lair:5)
  2 torpor snails (Spider:3)
  A rust devil (Gauntlet)
  10 cane toads
  An unseen horror (shapeshifter) (D:14)
  A human zombie (Vaults:4)
  A yaktaur zombie (Vaults:4)
  A minotaur zombie (Gauntlet)
  3 komodo dragons
  13 yaktaurs
  2 kobold demonologists
  A rime drake (Lair:2)
  2 efreet
  3 freezing wraiths
  4 tengu conjurers
  A rime drake (shapeshifter) (Vaults:1)
  A death yak skeleton (Crypt:1)
  24 merfolk
  3 meliai (Lair:5)
  2 polar bears (shapeshifter)
  5 trolls
  3 wind drakes
  A queen bee (Lair:5)
  13 tarantellas
  5 polar bears
  23 blink frogs
  4 dream sheep
  A hydra skeleton (Crypt:1)
  A wolf spider simulacrum (D:15)
  6 snapping turtles
  A culicivora zombie (Crypt:1)
  A raiju (Lair:5)
  2 hornets
  An ettin zombie (Crypt:1)
  3 flying skulls (Crypt:1)
  An ice dragon zombie (Crypt:2)
  3 shadows
  An ettin skeleton (Vaults:4)
  26 jumping spiders
  Sigmund (D:5)
  16 culicivoras
  6 wyverns
  An ice dragon skeleton (Crypt:2)
  6 air elementals
  9 wraiths
  21 water elementals
  9 small abominations (Lair:5)
  36 yaks
  A spriggan (Lair:5)
  A fire bat (shapeshifter) (Lair:5)
  2 vampires
  2 ynoxinuls
  A human (shapeshifter) (Elf:2)
  2 steam dragons (D:8)
  7 fire elementals
  8 basilisks
  9 vampire mosquitoes
  A chaos spawn (Lair:5)
  51 redbacks
  3 wargs
  An acid dragon (D:9)
  2 harpy simulacra (Crypt:2)
  16 water moccasins
  4 hell hounds (Gauntlet)
  38 orc warriors
  A black bear (D:6)
  6 ogres
  An elephant zombie (Crypt:2)
  10 wolves
  3 boggarts
  6 centaurs
  An elf zombie (Crypt:1)
  9 kobold brigands
  13 bullfrogs
  2 scorpions
  2 earth elementals
  5 necrophages (Crypt:1)
  A water moccasin zombie (Crypt:2)
  7 wights
  20 killer bees (Lair:5)
  4 howler monkeys
  11 electric eels
  6 jellies
  14 orc priests
  2 gnoll boudas
  3 iron imps (Gauntlet)
  20 orc wizards
  A hell rat (Lair:2)
  6 iguanas
  2 sleepcaps
  Terence (D:2)
  A deep dwarf skeleton (Crypt:2)
  A naga skeleton (Crypt:2)
  12 adders
  7 gnolls
  2 river rats (Sewer)
  A white imp (D:6)
  2 ufetubi (D:6)
  A worm (D:3)
  A dart slug (D:4)
  95 orcs
  12 ball pythons
  4 bats (D:3)
  9 endoplasms
  8 giant cockroaches
  10 goblins
  7 hobgoblins
  5 jackals
  3 quokkas
  A ball python skeleton (Crypt:2)
  9 frilled lizards
  23 kobolds
  11 rats
1498 creatures vanquished.

Vanquished Creatures (collateral kills)
  2 tentacled monstrosities
  A titan (Vaults:5)
  A sphinx (Vaults:4)
  A deep elf master archer (Elf:3)
  A death cob (Zot:1)
  A tengu reaver (Vaults:1)
  A storm dragon (Depths:4)
  A deep elf sorcerer (Elf:3)
  A draconian scorcher (Zot:1)
  A frost giant (Vaults:5)
  3 emperor scorpions (Spider:4)
  A vault warden (Vaults:5)
  A deep elf elementalist (Elf:3)
  4 ironbound preservers
  A ghost moth (Spider:4)
  2 ghouls
  3 broodmothers
  7 very ugly things
  2 stone giants
  A caustic shrike skeleton (Crypt:1)
  A vampire knight (Crypt:1)
  3 deep elf demonologists
  A black draconian (Zot:1)
  A deep elf annihilator (Elf:3)
  A red draconian (Depths:4)
  5 dire elephants
  3 merfolk impalers (Shoals:4)
  5 merfolk javelineers (Shoals:4)
  A jiangshi (Crypt:1)
  A spriggan zombie (Crypt:2)
  2 deep elf high priests (Elf:3)
  4 yaktaur captains
  2 entropy weavers
  An ice dragon (Depths:4)
  9 vault guards
  A fenstrider witch zombie (Crypt:2)
  A radroach (Spider:1)
  An ogre mage (Vaults:5)
  A jorogumo (Spider:3)
  An ironbound frostheart (Vaults:1)
  2 merfolk aquamancers (Shoals:4)
  A two-headed ogre (Vaults:5)
  A centaur warrior (Vaults:3)
  A tengu warrior (Depths:1)
  An alligator snapping turtle (Shoals:4)
  2 vampire magi (Crypt:1)
  A deep troll shaman (Depths:1)
  3 deep troll earth magi
  2 demonic crawlers
  An occultist (Depths:1)
  A death yak (Shoals:4)
  2 hell knights (Depths:1)
  A skyshark (Vaults:1)
  A sun moth (Spider:3)
  A pharaoh ant (Spider:2)
  3 skeletal warriors (Crypt:2)
  11 deep trolls
  4 orb spiders
  A deep elf zephyrmancer (Elf:2)
  An arcanist (Vaults:4)
  3 phantasmal warriors
  2 bog bodies
  2 ironbound convokers
  3 steelbarb worms
  4 harpies (Shoals:3)
  4 deep elf pyromancers
  A wolf spider (shapeshifter) (Vaults:5)
  An orc knight (Orc:1)
  A wolf spider (Spider:4)
  5 manticores
  7 ugly things
  5 fauns (Shoals:1)
  2 moths of wrath
  2 merfolk sirens
  2 torpor snails (Spider:2)
  2 vault sentinels (Vaults:3)
  4 yaktaurs
  2 tengu conjurers (Depths:1)
  5 merfolk
  A wind drake (Shoals:1)
  7 tarantellas
  An ettin zombie (Crypt:1)
  2 snapping turtles
  10 jumping spiders
  A flying skull (Crypt:1)
  3 culicivoras
  3 water elementals
  21 redbacks
  A glowing shapeshifter skeleton (Crypt:2)
  An orc warrior (Orc:1)
  2 ogres
  A necrophage (Crypt:2)
  An electric eel (Spider:4)
  8 jellies
  An orc priest (Vaults:5)
  A human skeleton (Crypt:2)
  An orc (Vaults:5)
  A rat skeleton (Crypt:1)
246 creatures vanquished.

Vanquished Creatures (others)
  A quicksilver dragon (Vaults:5)
  A sphinx (Vaults:5)
  A shadow dragon (Vaults:5)
  A fire giant (Vaults:3)
  A draconian knight (Zot:1)
  A ghost moth (shapeshifter) (Vaults:4)
  3 vault wardens
  2 ironbound preservers
  A broodmother (Spider:4)
  A stone giant (Depths:2)
  3 formless jellyfish
  A green draconian (Depths:4)
  A yellow draconian (Depths:4)
  A deep elf annihilator (Elf:3)
  A purple draconian (Depths:4)
  A deep elf high priest (Elf:3)
  2 deep elf death magi
  2 jiangshi (Crypt:1)
  3 great orbs of eyes
  2 yaktaur captains
  A rakshasa (Vaults:3)
  2 vault guards (Vaults:5)
  An entropy weaver (Spider:3)
  3 centaur warriors (Vaults:2)
  A boulder beetle (Spider:2)
  2 ironbound frosthearts (Vaults:2)
  A spriggan berserker (Depths:4)
  A deep elf knight (Elf:2)
  2 iron trolls (Depths:4)
  A fire crab (shapeshifter) (Vaults:5)
  An orb spider (Spider:4)
  3 deep trolls
  2 ironbound convokers
  3 lindwurms
  A harpy (Shoals:2)
  A necromancer (Vaults:4)
  An orc knight (Vaults:3)
  A deep elf pyromancer (Elf:2)
  2 wolf spiders (Spider:4)
  2 mana vipers (shapeshifter)
  A deep elf zephyrmancer (Elf:2)
  3 ugly things
  A manticore (Shoals:4)
  2 vault sentinels
  2 eyes of devastation (shapeshifter)
  A rime drake (Vaults:5)
  3 yaktaurs
  A yaktaur skeleton (Vaults:4)
  A merfolk (Shoals:4)
  A glass eye (Depths:1)
  A snapping turtle (shapeshifter) (Vaults:4)
  A glass eye (shapeshifter) (Vaults:5)
  15 slime creatures
  2 flying skulls (Crypt:1)
  2 culicivoras
  4 jumping spiders
  A water elemental (Elf:2)
  A wraith (Crypt:1)
  6 redbacks
  An ogre zombie (Vaults:4)
  A water moccasin (Lair:5)
  A wolf (Lair:1)
  A boggart (Vaults:2)
  A bullfrog (Lair:2)
  A salamander skeleton (Crypt:1)
  A scorpion (D:6)
  2 killer bees
  2 electric eels (D:11)
  163 jellies
  An orc priest (Orc:2)
  5 orc wizards
  An adder (D:6)
  A white imp (D:6)
  13 orcs
  2 endoplasms (Lair:5)
  A kobold (D:9)
309 creatures vanquished.

Grand Total: 2053 creatures vanquished

Notes
Turn   | Place    | Note
-------+----------+-------------------------------------------
     0 | D:1      | sdynet the Armataur Brigand began the quest for the Orb.
     0 | D:1      | Reached XP level 1. HP: 17/17 MP: 1/1
   105 | D:1      | Found a faded altar of an unknown god.
   287 | D:1      | Reached XP level 2. HP: 24/25 MP: 2/2
   863 | D:2      | Reached XP level 3. HP: 31/31 MP: 3/3
  1171 | D:2      | You fall into a shaft and drop 1 floor!
  1608 | D:2      | Noticed Terence
  1620 | D:2      | Killed Terence
  1621 | D:2      | Reached XP level 4. HP: 37/40 MP: 4/4
  2302 | D:3      | Reached XP level 5. HP: 39/47 MP: 5/5
  2387 | D:3      | Reached skill level 5 in Fighting
  3139 | D:4      | Reached XP level 6. HP: 57/57 MP: 6/6
  3320 | D:4      | Reached skill level 1 in Dodging
  3452 | D:4      | Learned a level 2 spell: Blink
  3655 | D:5      | Entered Level 5 of the Dungeon
  3655 | D:5      | Noticed a kobold demonologist
  3664 | D:5      | Killed a kobold demonologist
  3665 | D:5      | Reached skill level 5 in Stealth
  3665 | D:5      | Gained mutation: You regenerate magic and health when
                  | rolling toward enemies. (Rampage Regen) [Armataur growth]
  3665 | D:5      | Reached XP level 7. HP: 61/64 MP: 7/7
  3807 | D:5      | Found a glowing drain.
  3814 | Sewer    | Entered a sewer
  4105 | Sewer    | Found a viscous altar of Jiyva.
  4146 | Sewer    | Became a worshipper of Jiyva Jughi the Shapeless
  4239 | D:5      | Noticed Sigmund
  4249 | D:5      | Killed Sigmund
  4258 | D:5      | Reached XP level 8. HP: 73/73 MP: 8/8
  4601 | D:6      | Reached * piety under Jiyva
  4670 | D:6      | Found a staircase to the Ecumenical Temple.
  4678 | D:6      | Identified the +5 spear of Gawususch {flame, rF++ rCorr
                  | Str+3 Dex-2}
  4687 | Temple   | Entered the Ecumenical Temple
  4858 | D:6      | Noticed a cyclops
  4871 | D:6      | Killed a cyclops
  4872 | D:6      | Reached skill level 5 in Short Blades
  5010 | D:6      | Reached ** piety under Jiyva
  5688 | D:7      | Reached *** piety under Jiyva
  5811 | D:7      | Reached XP level 9. HP: 82/82 MP: 9/9
  6145 | D:8      | Gained mutation: You possess an exceptional clarity of
                  | mind. [Jiyva's grace]
  6145 | D:8      | Gained mutation: You are strong-willed. (Will+) [Jiyva's
                  | grace]
  6145 | D:8      | Gained mutation: You are highly strong-willed. (Will++)
                  | [Jiyva's grace]
  6145 | D:8      | Gained mutation: You are extremely strong-willed. (Will+++)
                  | [Jiyva's grace]
  6527 | D:8      | Found Agyneq Ycre's Magic Scroll Shop.
  6534 | D:8      | Bought a scroll of blinking for 120 gold pieces
  6534 | D:8      | Bought a scroll of fog for 64 gold pieces
  6534 | D:8      | Bought a scroll of identify for 32 gold pieces
  6534 | D:8      | Bought a scroll of identify for 32 gold pieces
  6550 | D:8      | Found Dife's Armour Shop.
  6774 | D:8      | Reached **** piety under Jiyva
  7109 | D:9      | Found a flagged portal.
  7128 | Bailey   | Entered a bailey
  7173 | Bailey   | Reached skill level 10 in Fighting
  7243 | Bailey   | Found an iron altar of Okawaru.
  7254 | Bailey   | Reached XP level 10. HP: 78/93 MP: 7/10
  7273 | Bailey   | Identified the +0 robe of Cowardice {rC+}
  7515 | D:9      | Found a runed translucent gate.
  7516 | D:9      | Found a runed translucent gate.
  7524 | D:9      | Found a runed translucent gate.
  7531 | D:9      | Noticed Agrajag's ghost (journeyman DjCj)
  7531 | D:9      | Noticed a boulder beetle
  7828 | D:9      | Lost mutation: You possess an exceptional clarity of mind.
                  | [Jiyva's grace]
  7828 | D:9      | Lost mutation: You are extremely strong-willed. (Will+++)
                  | [Jiyva's grace]
  7828 | D:9      | Gained mutation: You are covered in fur. (AC +1) [Jiyva's
                  | grace]
  7828 | D:9      | Gained mutation: You are covered in thick fur. (AC +2)
                  | [Jiyva's grace]
  7828 | D:9      | Gained mutation: Your thick and shaggy fur keeps you warm.
                  | (AC +3, rC+) [Jiyva's grace]
  7828 | D:9      | Gained mutation: Your flesh is cold resistant. (rC+)
                  | [Jiyva's grace]
  7860 | D:10     | Entered Level 10 of the Dungeon
  7879 | D:10     | Reached ***** piety under Jiyva
  7989 | D:10     | Reached skill level 1 in Armour
  8004 | D:10     | Found a burning altar of Makhleb.
  8004 | D:10     | Noticed a balrug
  8035 | D:10     | Found a transporter.
  8040 | D:10     | Found a transporter.
  8113 | D:10     | Found a portal to a secret trove of treasure.
  8129 | D:10     | Reached skill level 2 in Armour
  8176 | D:10     | Noticed a boulder beetle
  8197 | D:10     | Killed a boulder beetle
  8198 | D:10     | Reached skill level 3 in Armour
  8282 | D:10     | Noticed a two-headed ogre
  8295 | D:10     | Killed a two-headed ogre
  8296 | D:10     | Reached skill level 4 in Armour
  8560 | D:10     | Noticed ooops's ghost (journeyman OpCj)
  8705 | D:11     | Reached skill level 5 in Armour
  8782 | D:11     | Paralysed by a hornet for 1 turns
  8818 | D:11     | Noticed Erolcha
  8820 | D:11     | Killed Erolcha
  8964 | D:11     | Reached XP level 11. HP: 97/102 MP: 11/11
  8999 | D:11     | Found a runed translucent door.
  8999 | D:11     | Found a shimmering altar of Xom.
  8999 | D:11     | Noticed sol123's ghost (journeyman DjFE)
  9000 | D:11     | Noticed a +2 war axe of chaos
  9089 | D:11     | Found a staircase to the Lair.
  9383 | D:11     | Noticed a two-headed ogre
  9396 | D:11     | Killed a two-headed ogre
  9397 | D:11     | Reached skill level 6 in Armour
  9459 | D:11     | Lost mutation: You are highly strong-willed. (Will++)
                  | [Jiyva's grace]
  9459 | D:11     | Lost mutation: You are strong-willed. (Will+) [Jiyva's
                  | grace]
  9459 | D:11     | Lost mutation: Your thick and shaggy fur keeps you warm.
                  | (AC +3, rC+) [Jiyva's grace]
  9459 | D:11     | Lost mutation: You are covered in thick fur. (AC +2)
                  | [Jiyva's grace]
  9459 | D:11     | Gained mutation: Your melee attacks may engulf your foes in
                  | ooze. [Jiyva's grace]
  9459 | D:11     | Gained mutation: Armour fits poorly on your pseudopods.
                  | [Jiyva's grace]
  9459 | D:11     | Gained mutation: Armour fits poorly on your large
                  | pseudopods. [Jiyva's grace]
  9459 | D:11     | Gained mutation: Armour fits poorly on your massive
                  | pseudopods. [Jiyva's grace]
  9608 | D:11     | Noticed a two-headed ogre
  9619 | D:11     | Killed a two-headed ogre
  9620 | D:11     | Reached skill level 10 in Short Blades
  9710 | Lair:1   | Entered Level 1 of the Lair of Beasts
  9751 | Lair:1   | Reached skill level 7 in Armour
  9947 | Lair:1   | Reached skill level 8 in Armour
 10179 | Lair:1   | Reached skill level 9 in Armour
 10346 | Lair:1   | Noticed a catoblepas
 10348 | Lair:1   | Noticed a death yak
 10355 | Lair:1   | Killed a death yak
 10373 | Lair:1   | Killed a catoblepas
 10374 | Lair:1   | Reached skill level 10 in Armour
 10377 | Lair:1   | Reached XP level 12. HP: 90/113 MP: 12/12
 10503 | Lair:1   | Reached ****** piety under Jiyva
 10706 | Lair:2   | Found a staircase to the Shoals.
 10910 | Lair:2   | Reached skill level 11 in Armour
 10949 | Lair:2   | Noticed a death yak
 10976 | Lair:2   | Killed a death yak
 11276 | Lair:2   | Noticed a six-headed hydra
 11296 | Lair:2   | Killed a six-headed hydra
 11297 | Lair:2   | Reached skill level 12 in Armour
 11747 | Lair:3   | Gained mutation: Your muscles are strong. (Str +4, Int/Dex
                  | -1) [Jiyva's grace]
 11747 | Lair:3   | Gained mutation: Your muscles are very strong. (Str +8,
                  | Int/Dex -2) [Jiyva's grace]
 11747 | Lair:3   | Gained mutation: Your body has grown eyes which may confuse
                  | attackers. (Acc +3) [Jiyva's grace]
 11747 | Lair:3   | Gained mutation: Your body has grown many eyes which may
                  | confuse attackers. (Acc +5) [Jiyva's grace]
 11814 | Lair:3   | Noticed a four-headed hydra
 11822 | Lair:3   | Killed a four-headed hydra
 11855 | Lair:3   | Noticed an eight-headed hydra
 11864 | Lair:3   | Killed an eight-headed hydra
 12258 | Lair:3   | Reached skill level 13 in Armour
 12258 | Lair:3   | Reached XP level 13. HP: 125/125 MP: 13/13
 12258 | Lair:3   | Reached XP level 14. HP: 133/133 MP: 14/14
 12344 | Lair:3   | Found a hole to the Spider Nest.
 12588 | Lair:4   | Reached XP level 15. HP: 139/139 MP: 15/15
 12599 | Lair:4   | Reached skill level 14 in Armour
 12904 | Lair:4   | Lost mutation: Your muscles are very strong. (Str +8,
                  | Int/Dex -2) [Jiyva's grace]
 12904 | Lair:4   | Gained mutation: Your natural rate of healing is unusually
                  | fast. [Jiyva's grace]
 12904 | Lair:4   | Gained mutation: You heal very quickly. [Jiyva's grace]
 12904 | Lair:4   | Gained mutation: You regenerate. [Jiyva's grace]
 12904 | Lair:4   | Gained mutation: Your translucent skin slightly reduces
                  | your foes' accuracy. (Stealth+) [Jiyva's grace]
 13375 | Lair:5   | Entered Level 5 of the Lair of Beasts
 13472 | Lair:5   | Reached skill level 15 in Fighting
 13601 | Lair:5   | Found a viscous altar of Jiyva.
 13602 | Lair:5   | Found a staircase to the Slime Pits.
 13896 | Lair:5   | Reached skill level 15 in Armour
 13952 | Lair:5   | Identified the +5 whip of Bodic {speed, rElec}
 14395 | Lair:5   | Found a corrupted altar of Lugonu.
 14395 | Lair:5   | Found a one-way gate to the infinite horrors of the Abyss.
 14401 | Lair:5   | Identified the +1 hand axe of Duyjubba {heavy, Fragile
                  | Str+3 Dex+5}
 14515 | Slime:1  | Entered Level 1 of the Pits of Slime
 14516 | Slime:1  | Noticed an azure jelly
 14520 | Slime:1  | Noticed an acid blob
 14524 | Slime:2  | Noticed Dissolution
 14524 | Slime:2  | Noticed an acid blob
 14531 | Slime:2  | Noticed an acid blob
 14539 | Slime:3  | Noticed a rockslime
 14543 | Slime:3  | Noticed an azure jelly
 14545 | Slime:4  | Noticed an acid blob
 14546 | Slime:4  | Noticed an azure jelly
 14548 | Slime:4  | Noticed a rockslime
 14554 | Slime:5  | Entered Level 5 of the Pits of Slime
 14583 | Slime:5  | Found a viscous altar of Jiyva.
 14584 | Slime:5  | Noticed the Royal Jelly
 14585 | Slime:5  | Noticed an acid blob
 14586 | Slime:5  | Noticed an acid blob
 14586 | Slime:5  | Noticed an acid blob
 14589 | Slime:5  | Noticed an acid blob
 14600 | Slime:5  | Noticed an azure jelly
 14605 | Slime:5  | Noticed a rockslime
 14607 | Slime:5  | Noticed an azure jelly
 14613 | Slime:5  | Noticed an acid blob
 14618 | Slime:5  | Identified the +1 chain mail of the Tired Stars {rN+ Dex+3}
 14620 | Slime:5  | Identified the ring of the Endless Expanse {Wiz *Corrode
                  | rPois Dex+3}
 14665 | Slime:5  | Noticed an acid blob
 14676 | Slime:5  | Identified the +3 falchion "Gusikhlo" {heavy, rElec rPois
                  | rC+ Dex+2}
 14685 | Slime:5  | Noticed an azure jelly
 14698 | Slime:5  | Noticed an acid blob
 14719 | Slime:5  | Noticed an azure jelly
 14720 | Slime:5  | Noticed an acid blob
 14731 | Slime:5  | Got the Book of Lofty Bedrock
 14781 | Slime:5  | Identified the amulet "Hasek" {Spirit rF+}
 14783 | Slime:5  | Got a slimy rune of Zot
 14788 | Slime:5  | Identified the +1 arbalest "Xulam" {elec, rN+ Dex+3}
 14799 | Slime:5  | Noticed an acid blob
 14889 | Slime:1  | Noticed an acid blob
 15119 | D:8      | Bought 3 scrolls of revelation for 360 gold pieces
 15119 | D:8      | Bought a scroll of identify for 32 gold pieces
 15136 | D:8      | Bought a +0 helmet for 54 gold pieces
 15154 | D:8      | Bought a scroll of teleportation for 48 gold pieces
 15154 | D:8      | Bought a scroll of identify for 32 gold pieces
 15222 | D:12     | Found an ornate altar of the Wu Jian Council.
 15276 | D:12     | Lost mutation: You regenerate. [Jiyva's grace]
 15276 | D:12     | Lost mutation: You are covered in fur. (AC +1) [Jiyva's
                  | grace]
 15276 | D:12     | Lost mutation: Your muscles are strong. (Str +4, Int/Dex
                  | -1) [Jiyva's grace]
 15276 | D:12     | Gained mutation: You expend magic power (3 MP) to
                  | strengthen your wands. [Jiyva's grace]
 15276 | D:12     | Gained mutation: You are partially covered in iridescent
                  | scales. (AC +2) [Jiyva's grace]
 15276 | D:12     | Gained mutation: You are mostly covered in iridescent
                  | scales. (AC +4) [Jiyva's grace]
 15276 | D:12     | Gained mutation: You are completely covered in iridescent
                  | scales. (AC +6) [Jiyva's grace]
 15429 | D:12     | Found a staircase to the Orcish Mines.
 15453 | D:12     | Reached skill level 16 in Armour
 16109 | D:13     | Found Ohuss's Magic Scroll Emporium.
 16161 | D:13     | Found Zioraewk's Jewellery Shoppe.
 16316 | D:13     | Noticed Urug
 16327 | D:13     | Killed Urug
 16345 | D:13     | Found Patuf's Magic Scroll Emporium.
 16718 | D:14     | Reached skill level 5 in Dodging
 16890 | D:14     | Lost mutation: You are completely covered in iridescent
                  | scales. (AC +6) [Jiyva's grace]
 16890 | D:14     | Lost mutation: Your flesh is cold resistant. (rC+) [Jiyva's
                  | grace]
 16890 | D:14     | Lost mutation: Your body has grown many eyes which may
                  | confuse attackers. (Acc +5) [Jiyva's grace]
 16890 | D:14     | Lost mutation: Armour fits poorly on your massive
                  | pseudopods. [Jiyva's grace]
 16890 | D:14     | Lost mutation: Armour fits poorly on your large pseudopods.
                  | [Jiyva's grace]
 16890 | D:14     | Gained mutation: You have large cloven feet. [Jiyva's
                  | grace]
 16890 | D:14     | Gained mutation: You have hoof-like feet. [Jiyva's grace]
 16890 | D:14     | Gained mutation: You have hooves in place of feet. [Jiyva's
                  | grace]
 16890 | D:14     | Gained mutation: You are strong-willed. (Will+) [Jiyva's
                  | grace]
 16999 | D:14     | Found a gate to the Vaults.
 17219 | D:15     | Entered Level 15 of the Dungeon
 17339 | D:15     | Found a staircase to the Depths.
 17339 | D:15     | Noticed a fire giant
 17357 | D:15     | Killed a fire giant
 17358 | D:15     | Reached skill level 1 in Long Blades
 17394 | D:15     | Found a gate leading to a gauntlet.
 17401 | Gauntlet | Entered a Gauntlet
 17401 | Gauntlet | Found a large runed translucent door.
 17401 | Gauntlet | Found a large runed translucent door.
 17401 | Gauntlet | Found a large runed translucent door.
 17401 | Gauntlet | Found a large runed translucent door.
 17401 | Gauntlet | Found a large runed translucent door.
 17401 | Gauntlet | Found a large runed translucent door.
 17401 | Gauntlet | Found a large runed translucent door.
 17401 | Gauntlet | Found a large runed translucent door.
 17401 | Gauntlet | Found a runed translucent door.
 17401 | Gauntlet | Found a runed translucent gate.
 17401 | Gauntlet | Found a transporter.
 17401 | Gauntlet | Found a transporter.
 17401 | Gauntlet | Found a runed translucent gate.
 17401 | Gauntlet | Found a transporter.
 17401 | Gauntlet | Found a transporter.
 17405 | Gauntlet | Found a transporter.
 17405 | Gauntlet | Found a transporter.
 17406 | Gauntlet | Found a runed translucent gate.
 17406 | Gauntlet | Found a runed translucent door.
 17410 | Gauntlet | Found a large runed translucent door.
 17410 | Gauntlet | Found a large runed translucent door.
 17419 | Gauntlet | Found a transporter.
 17419 | Gauntlet | Found a transporter.
 17429 | Gauntlet | Found a transporter.
 17475 | Gauntlet | Found a large runed translucent door.
 17475 | Gauntlet | Found a large runed translucent door.
 17478 | Gauntlet | Found a large runed translucent door.
 17478 | Gauntlet | Found a large runed translucent door.
 17479 | Gauntlet | Found a large runed translucent door.
 17480 | Gauntlet | Found a large runed translucent door.
 17535 | Gauntlet | Found a transporter.
 17537 | Gauntlet | Found a transporter.
 17547 | Gauntlet | Found a transporter.
 17725 | Gauntlet | Identified the ring of Eternal Night {rPois rC++}
 17755 | Gauntlet | Found the +2 hood of the Assassin {Detect Stab+ Stlth++}
 18072 | D:15     | Reached skill level 17 in Armour
 18072 | D:15     | Reached XP level 16. HP: 136/152 MP: 12/16
 18225 | D:15     | Found a runed translucent gate.
 18225 | D:15     | Found a runed translucent gate.
 18225 | D:15     | Found a runed translucent gate.
 18225 | D:15     | Noticed Orra's ghost (adept MiAK)
 18225 | D:15     | Noticed Riudim's ghost (journeyman MiAr)
 18226 | D:15     | Noticed Riudim's ghost (journeyman MiAr)
 18429 | Orc:1    | Entered Level 1 of the Orcish Mines
 18668 | Orc:2    | Entered Level 2 of the Orcish Mines
 18781 | Orc:2    | Gained mutation: A frigid envelope surrounds you and
                  | freezes all who hurt you. [Jiyva's grace]
 18781 | Orc:2    | Gained mutation: You are highly strong-willed. (Will++)
                  | [Jiyva's grace]
 18781 | Orc:2    | Gained mutation: You are extremely strong-willed. (Will+++)
                  | [Jiyva's grace]
 18781 | Orc:2    | Gained mutation: You have acidic saliva. [Jiyva's grace]
 18802 | Orc:2    | Found Mydihap's Weapon Shoppe.
 18855 | Orc:2    | Found Saamuuci's Jewellery Emporium.
 18941 | Orc:2    | Found a staircase to the Elven Halls.
 18956 | Orc:2    | Reached skill level 5 in Long Blades
 19073 | Orc:2    | Found Osouxkia's Antique Armour Boutique.
 19076 | Orc:2    | Found Vafobbate's Antique Weapon Shop.
 19100 | Orc:2    | Bought a pair of glowing gloves for 195 gold pieces
 19684 | Spider:1 | Entered Level 1 of the Spider Nest
 20482 | Spider:2 | Reached skill level 10 in Long Blades
 20726 | Spider:2 | Identified the +3 mace of the Hero {flame, rPois rF+}
 20742 | Spider:2 | Lost mutation: You are mostly covered in iridescent scales.
                  | (AC +4) [Jiyva's grace]
 20742 | Spider:2 | Lost mutation: You are partially covered in iridescent
                  | scales. (AC +2) [Jiyva's grace]
 20742 | Spider:2 | Lost mutation: You heal very quickly. [Jiyva's grace]
 20742 | Spider:2 | Lost mutation: Your natural rate of healing is unusually
                  | fast. [Jiyva's grace]
 20742 | Spider:2 | Lost mutation: Armour fits poorly on your pseudopods.
                  | [Jiyva's grace]
 20742 | Spider:2 | Gained mutation: Armour fits poorly on your pseudopods.
                  | [Jiyva's grace]
 20742 | Spider:2 | Gained mutation: Armour fits poorly on your large
                  | pseudopods. [Jiyva's grace]
 20742 | Spider:2 | Gained mutation: Armour fits poorly on your massive
                  | pseudopods. [Jiyva's grace]
 20742 | Spider:2 | Gained mutation: You have a small jelly attached to you
                  | that senses nearby items. [Jiyva's grace]
 21127 | Spider:3 | Reached XP level 17. HP: 138/159 MP: 1/17
 21177 | Spider:3 | Noticed Arachne
 21198 | Spider:3 | Killed Arachne
 21690 | Spider:4 | Entered Level 4 of the Spider Nest
 21709 | Spider:4 | Reached skill level 1 in Evocations
 22128 | Spider:4 | Lost mutation: You have hooves in place of feet. [Jiyva's
                  | grace]
 22128 | Spider:4 | Lost mutation: You are extremely strong-willed. (Will+++)
                  | [Jiyva's grace]
 22128 | Spider:4 | Lost mutation: You have acidic saliva. [Jiyva's grace]
 22128 | Spider:4 | Lost mutation: Armour fits poorly on your massive
                  | pseudopods. [Jiyva's grace]
 22128 | Spider:4 | Lost mutation: Your melee attacks may engulf your foes in
                  | ooze. [Jiyva's grace]
 22128 | Spider:4 | Gained mutation: You are extremely strong-willed. (Will+++)
                  | [Jiyva's grace]
 22128 | Spider:4 | Gained mutation: Armour fits poorly on your massive
                  | pseudopods. [Jiyva's grace]
 22128 | Spider:4 | Gained mutation: Your natural rate of healing is unusually
                  | fast. [Jiyva's grace]
 22128 | Spider:4 | Gained mutation: You heal very quickly. [Jiyva's grace]
 22277 | Spider:4 | Got a gossamer rune of Zot
 22633 | Shoals:1 | Entered Level 1 of the Shoals
 22681 | Shoals:1 | Found a runed translucent gate.
 22681 | Shoals:1 | Found a runed translucent gate.
 22681 | Shoals:1 | Found a runed translucent gate.
 22691 | Shoals:1 | Noticed Pogock's ghost (adept MiFi)
 22703 | Shoals:1 | Reached skill level 18 in Armour
 22780 | Shoals:1 | Reached XP level 18. HP: 119/170 MP: 8/18
 23549 | Shoals:2 | Found Guciemna's Distillery.
 23566 | Shoals:2 | Identified the +4 ring mail "Gubarph" {Int+5}
 23816 | Shoals:3 | Reached skill level 15 in Long Blades
 23820 | Shoals:3 | Reached skill level 10 in Stealth
 23822 | Shoals:3 | Lost mutation: You have hoof-like feet. [Jiyva's grace]
 23822 | Shoals:3 | Lost mutation: You have large cloven feet. [Jiyva's grace]
 23822 | Shoals:3 | Lost mutation: You heal very quickly. [Jiyva's grace]
 23822 | Shoals:3 | Lost mutation: Your natural rate of healing is unusually
                  | fast. [Jiyva's grace]
 23822 | Shoals:3 | Lost mutation: Armour fits poorly on your massive
                  | pseudopods. [Jiyva's grace]
 23822 | Shoals:3 | Lost mutation: Armour fits poorly on your large pseudopods.
                  | [Jiyva's grace]
 23822 | Shoals:3 | Lost mutation: Your translucent skin slightly reduces your
                  | foes' accuracy. (Stealth+) [Jiyva's grace]
 23822 | Shoals:3 | Gained mutation: You have a pair of small horns on your
                  | head. [Jiyva's grace]
 23822 | Shoals:3 | Gained mutation: You have a pair of horns on your head.
                  | [Jiyva's grace]
 23822 | Shoals:3 | Gained mutation: You have a pair of large horns on your
                  | head. [Jiyva's grace]
 23822 | Shoals:3 | Gained mutation: You have a small jelly attached to you
                  | that may absorb projectiles. [Jiyva's grace]
 23853 | Shoals:3 | Got the Encyclopedia of the Tektite and the Lungs
 24139 | Shoals:3 | Found an ornate altar of the Wu Jian Council.
 24347 | Shoals:4 | Entered Level 4 of the Shoals
 24545 | Shoals:4 | Found a glowing golden altar of the Shining One.
 24563 | Shoals:4 | Reached skill level 19 in Armour
 24587 | Shoals:4 | Got the Codex of the Spider
 24784 | Shoals:4 | Found a white marble altar of Elyvilon.
 24833 | Shoals:4 | Identified the amulet "Veenneor" {Acrobat Rampage Fragile
                  | Str+8 Slay+6}
 24918 | Shoals:4 | Found a glowing silver altar of Zin.
 24979 | Shoals:4 | Identified the staff "Sykesy Goud" {rC+ Conj}
 24982 | Shoals:4 | Got a barnacled rune of Zot
 25209 | Elf:1    | Entered Level 1 of the Elven Halls
 25212 | Elf:1    | Paralysed by an air elemental for 1 turns
 25215 | Elf:1    | Paralysed by an air elemental for 1 turns
 25293 | Elf:1    | Paralysed by an air elemental for 1 turns
 25297 | Elf:1    | Paralysed by an air elemental for 1 turns
 25420 | Elf:1    | Reached XP level 19. HP: 174/179 MP: 17/19
 25562 | Elf:1    | Noticed Frances
 25579 | Elf:1    | Killed Frances
 25652 | Elf:1    | Found Ugisoib's General Store.
 25906 | Elf:1    | Paralysed by an air elemental for 1 turns
 26379 | Elf:2    | Found a runed translucent gate.
 26382 | Elf:2    | Found a runed translucent gate.
 26382 | Elf:2    | Found a runed translucent gate.
 26880 | Elf:3    | Entered Level 3 of the Elven Halls
 26880 | Elf:3    | Lost mutation: You have a pair of large horns on your head.
                  | [Jiyva's grace]
 26880 | Elf:3    | Lost mutation: You are extremely strong-willed. (Will+++)
                  | [Jiyva's grace]
 26880 | Elf:3    | Lost mutation: A frigid envelope surrounds you and freezes
                  | all who hurt you. [Jiyva's grace]
 26880 | Elf:3    | Lost mutation: You expend magic power (3 MP) to strengthen
                  | your wands. [Jiyva's grace]
 26880 | Elf:3    | Gained mutation: You have a pair of large horns on your
                  | head. [Jiyva's grace]
 26880 | Elf:3    | Gained mutation: You possess an exceptional clarity of
                  | mind. [Jiyva's grace]
 26880 | Elf:3    | Gained mutation: Your skin changes colour to match your
                  | surroundings (Stealth+). [Jiyva's grace]
 26880 | Elf:3    | Gained mutation: Your skin blends seamlessly with your
                  | surroundings (Stealth++). [Jiyva's grace]
 27001 | Elf:3    | Identified the +7 ring mail of the Maze {Rampage rPois rN++
                  | Str-3}
 27139 | Elf:3    | Found Tula's General Store.
 27143 | Elf:3    | Bought a scroll of silence for 152 gold pieces
 27268 | Elf:3    | Reached skill level 20 in Armour
 27314 | Elf:3    | Identified the +4 battleaxe "Putwez" {flame, Str+5}
 27314 | Elf:3    | Identified the ring of Ignis's Felicitations {Drain rElec
                  | rCorr MP+9 Int+6}
 27435 | Elf:3    | Identified the staff "Xifiu" {rElec rPois rF+ Int+3 Fire}
 27447 | Elf:3    | Identified the amulet "Nuaniuha" {Acrobat Fragile rF+
                  | Regen+ Stlth+}
 27482 | Elf:3    | Identified the ring "Zida" {AC+4 Int+3 Dex+3}
 27489 | Elf:3    | Identified the +3 scimitar of Cyustul {flame, rElec Will-
                  | Str+5 Dex+9}
 27497 | Elf:3    | Identified the +10 battleaxe "Webeluxy" {drain, rC++ Str+2}
 27499 | Elf:3    | Identified the +8 glaive "Adghiman" {heavy, rPois Will++
                  | MP+9 Int-5}
 27832 | Elf:3    | Found Hustriti's Armour Boutique.
 28116 | Vaults:1 | Entered Level 1 of the Vaults
 28222 | Vaults:1 | Found Ecehul's Antique Weapon Emporium.
 28477 | Vaults:1 | Gained mutation: You are robust. (+10% HP) [Jiyva's grace]
 28477 | Vaults:1 | Gained mutation: You are very robust. (+20% HP) [Jiyva's
                  | grace]
 28477 | Vaults:1 | Gained mutation: You are extremely robust. (+30% HP)
                  | [Jiyva's grace]
 28477 | Vaults:1 | Gained mutation: You expend magic power (3 MP) to
                  | strengthen your wands. [Jiyva's grace]
 28676 | Vaults:1 | Reached XP level 20. HP: 238/245 MP: 20/20
 28907 | Vaults:1 | Noticed Norris
 28932 | Vaults:1 | Killed Norris
 28933 | Vaults:1 | Reached skill level 1 in Translocations
 28998 | Vaults:1 | Reached skill level 1 in Spellcasting
 29104 | Vaults:1 | Identified the +9 short sword of Hamuisch {elec, rElec
                  | rCorr Str-4}
 29664 | Vaults:2 | Found Zoinuitsuo's Assorted Antiques.
 29743 | Vaults:2 | Reached skill level 21 in Armour
 30619 | Vaults:2 | Lost mutation: You are extremely robust. (+30% HP) [Jiyva's
                  | grace]
 30619 | Vaults:2 | Lost mutation: Your body has grown eyes which may confuse
                  | attackers. (Acc +3) [Jiyva's grace]
 30619 | Vaults:2 | Lost mutation: Armour fits poorly on your pseudopods.
                  | [Jiyva's grace]
 30619 | Vaults:2 | Gained mutation: Your spells are a little harder to cast,
                  | but a little more powerful. [Jiyva's grace]
 30619 | Vaults:2 | Gained mutation: Your spells are harder to cast, but more
                  | powerful. [Jiyva's grace]
 30619 | Vaults:2 | Gained mutation: Your spells are much harder to cast, but
                  | much more powerful. [Jiyva's grace]
 30619 | Vaults:2 | Gained mutation: You have large cloven feet. [Jiyva's
                  | grace]
 31216 | Vaults:3 | Reached skill level 5 in Translocations
 31332 | Vaults:3 | Found Apatopun's Jewellery Shop.
 31408 | Vaults:3 | Found Exuaw's Magic Scroll Emporium.
 31505 | Vaults:3 | Identified the ring "Toetzoc" {rPois Int+2 Dex+5}
 31578 | Vaults:3 | Found a staircase to the Crypt.
 31645 | Vaults:3 | Found a runed translucent gate.
 31645 | Vaults:3 | Found a runed translucent gate.
 31645 | Vaults:3 | Found a runed translucent gate.
 31645 | Vaults:3 | Noticed Kimaxt's ghost (veteran DjAE)
 31645 | Vaults:3 | Identified the ring "Fenomug" {rF- Will+ AC+4 Int+2}
 31763 | Vaults:3 | Reached XP level 21. HP: 139/238 MP: 25/25
 31875 | Vaults:3 | Found a radiant altar of Vehumet.
 31882 | Vaults:3 | Identified the +1 robe of Defiance {Regen+}
 31883 | Vaults:3 | Identified the +0 hat of the Imbibing Gods {rCorr Dex+3}
 31898 | Vaults:3 | Identified the +0 robe "Conoru" {rElec rPois rF- Int+3}
 32167 | Vaults:3 | Found Wuqumoza's Magic Scroll Boutique.
 32188 | Vaults:3 | Bought a scroll of teleportation for 45 gold pieces
 32336 | Vaults:3 | Killed Kimaxt's ghost
 32398 | Vaults:3 | Identified the +2 pair of gloves of Inevitability {rElec
                  | Will- Regen+ Int+3}
 32619 | Vaults:4 | Reached skill level 22 in Armour
 32619 | Vaults:4 | Reached XP level 22. HP: 203/203 MP: 26/26
 32619 | Vaults:4 | Reached XP level 23. HP: 211/211 MP: 27/27
 32860 | Vaults:4 | Upgraded the game from 0.31-a0-1068-g5939ac1 to
                  | 0.31-a0-1134-gb247575
 32870 | Vaults:4 | Lost mutation: You have large cloven feet. [Jiyva's grace]
 32870 | Vaults:4 | Lost mutation: You have a pair of large horns on your head.
                  | [Jiyva's grace]
 32870 | Vaults:4 | Lost mutation: You have a pair of horns on your head.
                  | [Jiyva's grace]
 32870 | Vaults:4 | Lost mutation: Your skin blends seamlessly with your
                  | surroundings (Stealth++). [Jiyva's grace]
 32870 | Vaults:4 | Lost mutation: You are highly strong-willed. (Will++)
                  | [Jiyva's grace]
 32870 | Vaults:4 | Lost mutation: You are strong-willed. (Will+) [Jiyva's
                  | grace]
 32870 | Vaults:4 | Lost mutation: You are very robust. (+20% HP) [Jiyva's
                  | grace]
 32870 | Vaults:4 | Lost mutation: Your spells are much harder to cast, but
                  | much more powerful. [Jiyva's grace]
 32870 | Vaults:4 | Gained mutation: Your flesh is cold resistant. (rC+)
                  | [Jiyva's grace]
 32870 | Vaults:4 | Gained mutation: Your flesh is very cold resistant. (rC++)
                  | [Jiyva's grace]
 32870 | Vaults:4 | Gained mutation: Your flesh is almost immune to the effects
                  | of cold. (rC+++) [Jiyva's grace]
 32870 | Vaults:4 | Gained mutation: You are somewhat resistant to further
                  | mutation. [Jiyva's grace]
 33789 | Vaults:4 | Upgraded the game from 0.31-a0-1134-gb247575 to
                  | 0.31-a0-1172-g9944ec4
 33864 | Crypt:1  | Entered Level 1 of the Crypt
 33999 | Crypt:1  | Reached skill level 23 in Armour
 34103 | Crypt:1  | Lost mutation: Your skin changes colour to match your
                  | surroundings (Stealth+). [Jiyva's grace]
 34103 | Crypt:1  | Gained mutation: Your body has grown eyes which may confuse
                  | attackers. (Acc +3) [Jiyva's grace]
 34103 | Crypt:1  | Gained mutation: Your body has grown many eyes which may
                  | confuse attackers. (Acc +5) [Jiyva's grace]
 34103 | Crypt:1  | Gained mutation: Your body is covered in eyes which may
                  | confuse attackers. (Acc +7, SInv) [Jiyva's grace]
 34103 | Crypt:1  | Gained mutation: Your movements are slightly less
                  | encumbered by armour. (ER -2) [Jiyva's grace]
 34113 | Crypt:1  | Paralysed by a vampire knight for 3 turns
 34179 | Crypt:1  | Found an ancient bone altar of Kikubaaqudgha.
 34226 | Crypt:1  | Learned a level 2 spell: Lesser Beckoning
 34595 | Crypt:2  | Learned a level 1 spell: Apportation
 34685 | Crypt:2  | Upgraded the game from 0.31-a0-1172-g9944ec4 to
                  | 0.31-a0-1267-gfedaa18
 34922 | Crypt:1  | Found an ancient bone altar of Kikubaaqudgha.
 34945 | Crypt:1  | Paralysed by a vampire knight for 4 turns
 35538 | Crypt:3  | Entered Level 3 of the Crypt
 35572 | Crypt:2  | Upgraded the game from 0.31-a0-1267-gfedaa18 to
                  | 0.31-a0-1317-gdfb52cb
 35694 | Vaults:5 | Entered Level 5 of the Vaults
 35728 | Vaults:5 | Noticed an ancient lich
 35791 | Vaults:5 | Paralysed by an ogre mage for 3 turns
 35792 | Vaults:5 | Reached XP level 24. HP: 217/226 MP: 27/27
 35812 | Vaults:5 | Lost mutation: Your spells are harder to cast, but more
                  | powerful. [Jiyva's grace]
 35812 | Vaults:5 | Lost mutation: Your body is covered in eyes which may
                  | confuse attackers. (Acc +7, SInv) [Jiyva's grace]
 35812 | Vaults:5 | Lost mutation: You have a small jelly attached to you that
                  | senses nearby items. [Jiyva's grace]
 35812 | Vaults:5 | Lost mutation: You expend magic power (3 MP) to strengthen
                  | your wands. [Jiyva's grace]
 35812 | Vaults:5 | Gained mutation: Your translucent skin slightly reduces
                  | your foes' accuracy. (Stealth+) [Jiyva's grace]
 35812 | Vaults:5 | Gained mutation: Your translucent skin reduces your foes'
                  | accuracy. (Stealth+) [Jiyva's grace]
 35812 | Vaults:5 | Gained mutation: Your transparent skin significantly
                  | reduces your foes' accuracy. (Stealth+) [Jiyva's grace]
 35812 | Vaults:5 | Gained mutation: You expend magic power (3 MP) to
                  | strengthen your wands. [Jiyva's grace]
 36022 | Vaults:5 | Killed an ancient lich
 36035 | Vaults:5 | Got the Monograph on Beckoning and Places
 36127 | Vaults:5 | Reached skill level 24 in Armour
 36143 | Vaults:5 | Identified the +4 ring mail of the Yeti {rElec rN++ Str+3
                  | Slay-3}
 36143 | Vaults:5 | Noticed a dread lich
 36144 | Vaults:5 | Paralysed by a sphinx for 4 turns
 36144 | Vaults:5 | Identified the amulet "Kiloreli" {RegenMP Regen+ rCorr
                  | Str+3 Stlth+}
 36367 | Vaults:5 | Killed a dread lich
 36751 | Vaults:5 | Got the Almanac of the Incendiary Cwm
 36833 | Vaults:5 | Got a silver rune of Zot
 37034 | Depths:1 | Entered Level 1 of the Depths
 37138 | Depths:1 | Found a gateway to Hell.
 37171 | Depths:1 | Found a shadowy altar of Dithmenos.
 37485 | Depths:1 | Lost mutation: You are somewhat resistant to further
                  | mutation. [Jiyva's grace]
 37485 | Depths:1 | Lost mutation: Your body has grown many eyes which may
                  | confuse attackers. (Acc +5) [Jiyva's grace]
 37485 | Depths:1 | Lost mutation: Your transparent skin significantly reduces
                  | your foes' accuracy. (Stealth+) [Jiyva's grace]
 37485 | Depths:1 | Lost mutation: Your movements are slightly less encumbered
                  | by armour. (ER -2) [Jiyva's grace]
 37485 | Depths:1 | Gained mutation: You have a pair of horns on your head.
                  | [Jiyva's grace]
 37485 | Depths:1 | Gained mutation: You have a pair of large horns on your
                  | head. [Jiyva's grace]
 37485 | Depths:1 | Gained mutation: Your movements are slightly less
                  | encumbered by armour. (ER -2) [Jiyva's grace]
 37485 | Depths:1 | Gained mutation: Your movements are less encumbered by
                  | armour. (ER -4) [Jiyva's grace]
 37630 | Depths:1 | Found a shimmering blue altar of Sif Muna.
 37974 | Depths:4 | Entered Level 4 of the Depths
 38017 | Depths:4 | Noticed a juggernaut
 38034 | Depths:4 | Killed a juggernaut
 38056 | Depths:4 | Reached skill level 25 in Armour
 38056 | Depths:4 | Reached XP level 25. HP: 169/237 MP: 27/27
 38121 | Depths:4 | Found a gate to the Realm of Zot.
 38143 | Zot:1    | Entered Level 1 of the Realm of Zot
 38173 | Zot:1    | Noticed Parghit
 38206 | Depths:4 | Slain by a vampire knight

Illustrated notes

Levels and vault maps discovered:
D:1:      matt_arrival_diagonals, layout_loops_ring,
          hellmonk_ecumenical_altar_crossroads
D:2:      layout_basic, uniq_terence
D:3:      layout_loops_ring, cheibrodos_gnoll_hut
D:4:      layout_rooms, dk_noncrumbling_4
D:5:      cheibrodos_quashed, layout_basic, portal_sewer_entry_e, uniq_sigmund
D:6:      layout_loops_corners, minmay_temple_entry_junction
D:7:      layout_loops_cross
D:8:      layout_basic, serial_shops, nicolae_shop_pleasant_corner_grove, shop
D:9:      layout_loops_corners, gammafunk_ghost_split, enter_bailey_5
D:10:     layout_rooms, makhleb_altar_promises_db, special_room
          [special_room_orc], gammafunk_ghost_hive, enter_trove_2
D:11:     kennysheep_blocky_hall, layout_basic, lair_entry_dummy,
          serial_corexii_hall, corexii_hall_statues_t,
          chequers_hall_statues_wall_a, corexii_hall_statues_x,
          chequers_hall_statues_wall_a, chequers_hall_statues_y,
          corexii_hall_statues_l, ebering_ghost_xom, uniq_erolcha
D:12:     layout_loops_ring, orc_david_3, nicolae_wu_jian_wuxing_cycle
D:13:     layout_big_octagon, serial_shops, shop, nicolae_shop_trees,
          nicolae_lakefront_shop, serial_column_ruins, column_ruins_hut_water,
          column_ruins_open_tiny, column_ruins_open_large,
          column_ruins_open_medium, column_ruins_open_medium,
          column_ruins_open_small, uniq_urug
D:14:     layout_roguey, skrybe_vaults_entry_preservation
D:15:     grunt_enter_depths_giant_problem, layout_gridville,
          gauntlet_entry_generic, chequers_decorated_corner,
          gammafunk_ghost_cemetery
Temple:   mainiacjoe_temple_starburst
Lair:1:   layout_regular_city, nzn_random_ring
Lair:2:   layout_roguey, elwin_shoals_entry_rocks, minmay_shattered_shrine
Lair:3:   layout_chaotic_city, spider_nest_entry_funnel_web
Lair:4:   layout_regular_city
Lair:5:   hellmonk_lair_end_abyssal_woods, layout_gridlike, slime_entry_2,
          special_room [special_room_bee]
Shoals:1: layout_shoals, gammafunk_ghost_necromancy
Shoals:2: layout_shoals, serial_shops, shop
Shoals:3: layout_shoals, lemuel_centaur_altar
Shoals:4: shoals_end_hellmonk_holy_island
Spider:1: layout_spider_delve
Spider:2: layout_spider_delve
Spider:3: nicolae_spider_obnoxious_hallway, uniq_arachne
Spider:4: grunt_spider_rune_circles, einodemon_crawler_minivault
Slime:1:  layout_caves
Slime:2:  layout_caves, uniq_dissolution
Slime:3:  layout_caves, nicolae_slime_barrier
Slime:4:  layout_caves
Slime:5:  slime_pit_nicolae_inversion
Orc:1:    layout_diamond_mine, basic_altar
Orc:2:    grunt_orc_community_town_hall, layout_diamond_mine,
          grunt_orc_community_big_house_2, grunt_orc_community_big_house_2,
          grunt_orc_community_house_1, grunt_orc_community_house_3,
          grunt_orc_community_house_3, grunt_orc_community_house_3,
          statue_in_the_mist_lemuel
Elf:1:    nicolae_elf_arrival_aired_out, layout_rooms, serial_shops,
          nicolae_shop_tiny_statue_garden, hangedman_elf_disciples,
          chequers_big_river, grunt_ministairs_15, uniq_frances
Elf:2:    nicolae_elf_blades_crystal_corner, layout_geoelf_diagonals
Elf:3:    minmay_elf_hall_hex, layout_geoelf_castle, serial_shops,
          nicolae_shop_tiny_real_fake_doors, shop
Vaults:1: nicolae_vaults_heist, vaults_room_grid, nicolae_vaults_tetromino_Z_2,
          v_pattern_3, nicolae_vaults_circle_grid_b,
          hangedman_vaults_stretched_pinwheel, vaults_room_stairs_pillars,
          nicolae_vaults_offset_grid_hallway_2, dpeg_vaults_waves, v_misc_3,
          nicolae_vaults_two_Ls, nicolae_vaults_little_squares_4,
          layout_vaults_omnigrid, serial_shops, nicolae_shop_tiny_glass,
          uniq_norris
Vaults:2: nicolae_vaults_trapezoid_layered, v_misc_11, vaults_mumra_chevron,
          hangedman_vaults_stitches, hangedman_vaults_variations,
          nicolae_vaults_storage_room_statues, nicolae_vaults_network_square,
          nicolae_vaults_frosty_reception, nicolae_vaults_network_barrier,
          nicolae_vaults_apartment_1, nicolae_vaults_angled_halls,
          nicolae_vaults_tangram_2, vaults_dpeg_diagonal,
          layout_vaults_big_cross, serial_shops, shop
Vaults:3: gammafunk_ghost_tricky_traps, nicolae_vaults_more_shelving_1,
          hangedman_vaults_maws, grunt_tower_of_power, v_alt_pattern_4,
          nicolae_vaults_lightning_bolt, minmay_crypt_entry_simple_round,
          nicolae_vaults_network_quinsquares
          [nicolae_vaults_network_quincunx_subvault,
          nicolae_vaults_network_quincunx_subvault,
          nicolae_vaults_network_quincunx_subvault,
          nicolae_vaults_network_quincunx_subvault], nicolae_vaults_wine_cellar,
          ontoclasm_vaults_eye, nicolae_vaults_shelves_hall,
          hangedman_vaults_slither, nicolae_vaults_apartment_1,
          nicolae_vaults_little_squares_2, ontoclasm_vaults_gateway,
          vaults_dpeg_emergency_exit, layout_vaults_omnibox, serial_shops,
          nicolae_shop_rolling_square, shop, nicolae_shop_peninsula
Vaults:4: dpeg_vaults_hating_casters, v_misc_13,
          nicolae_vaults_closet_pinwheel_2, ontoclasm_vaults_idyll,
          vaults_room_door_ring, vaults_room_door_hall, vaults_room_pools,
          nicolae_vaults_tetromino_Z_2, vaults_room_semicircle,
          nicolae_vaults_house_1, vaults_mumra_hex, layout_vaults_chaotic_city
Vaults:5: serial_shops
Crypt:1:  layout_misc_corridors, basic_altar, lemuel_upstairs_altar,
          grunt_crypt_arrival_split
Crypt:2:  layout_chaotic_city, lemuel_freeze_loot_1, grunt_megastairs_4
Crypt:3:  due_elkab, layout_chaotic_city, tomb_entry_simple_bobbens,
          nicolae_crypt_cryptocurrency, serial_library_hellmonk_long_bookcase,
          uniq_josephina, uniq_margery, uniq_khufu, uniq_vv
Depths:1: layout_basic, grunt_metal_band, grunt_ministairs_8,
          chequers_serial_rivers_micro_e, serial_library_hellmonk_statue_hall,
          grunt_dithmenos_smoke
Depths:2: minmay_the_grid_triangle_9x9_rhombus_full_mashed
          [minmay_the_grid_triangle_9x9_windchime,
          minmay_the_grid_triangle_9x9_zippers_horizontal,
          minmay_the_grid_triangle_9x9_minimal,
          minmay_the_grid_triangle_9x9_semitri,
          minmay_the_grid_triangle_9x9_longest,
          minmay_the_grid_triangle_9x9_alien,
          minmay_the_grid_triangle_9x9_stretched_checkered,
          minmay_the_grid_triangle_9x9_prize_top_heavy], layout_basic,
          enter_ziggurat_d, dk_noncrumbling_3, hell_entry, abyss_entry,
          pan_entry, grunt_ministairs_1, minmay_shop_grove
Depths:3: evilmike_marble_ring, layout_gridlike,
          nicolae_abyss_entry_one_way_or_another, hell_entry,
          infiniplex_staircase_trident
Depths:4: grunt_twist_and_shout, layout_small_grid, grunt_gozag_statues,
          grunt_hell_entry_dis_old, serial_bayou_shore_a, uniq_jory
Zot:1:    layout_gridlike, uniq_parghit

Skill      XL: |  1  2  3  4  5  6  7  8  9 10 11 12 13 14 15 16 17 18 19 20 21 22 23 24 25 |
---------------+----------------------------------------------------------------------------+-----
Fighting       | 2 3 4 5 6 7 8 10 11 12 14 16 17 18 19 20 21 22 | 22.2
Throwing       | 2 |  2.0
Short Blades   | 3 4 6 8 9 10 | 10.0
Dodging        | 1 4 5 6 7 |  7.6
Stealth        | 5 6 8 9 11 12 | 12.0
Armour         | 5 10 13 17 18 19 20 21 22 23 25 | 25.3
Long Blades    | 2 12 14 15 16 17 18 19 20 | 20.4
Evocations     | 3 |  3.0
Translocations | 6 7 9 |  9.0
Spellcasting   | 3 |  3.0

Action                     |  1- 3 |  4- 6 |  7- 9 | 10-12 | 13-15 | 16-18 | 19-21 | 22-24 | 25-27 || total
---------------------------+-------+-------+-------+-------+-------+-------+-------+-------+-------++-------
  Melee: Dagger            |    95 |   134 |   297 |   643 |   422 |       |       |       |       ||  1591
         Tailslap          |    10 |    13 |    57 |   139 |   157 |   201 |   215 |   291 |    21 ||  1104
         Punch             |       |     2 |     2 |    10 |    10 |     1 |       |       |       ||    25
         Long sword        |       |       |     5 |       |       |       |       |       |       ||     5
         Spear             |       |       |    40 |       |       |       |       |       |       ||    40
         Great sword       |       |       |       |    31 |       |       |       |       |       ||    31
         Pseudopods        |       |       |       |   111 |   227 |   252 |   190 |       |       ||   780
         Whip              |       |       |       |    14 |       |       |       |       |       ||    14
         Rapier            |       |       |       |     4 |   118 |       |       |       |       ||   122
         Scimitar          |       |       |       |       |   121 |  1002 |   979 |  1034 |    82 ||  3218
         Kick              |       |       |       |       |    91 |   311 |   155 |    51 |       ||   608
         Bite              |       |       |       |       |       |    70 |       |       |       ||    70
         Headbutt          |       |       |       |       |       |    69 |   317 |   409 |    32 ||   827
  Throw: Dart              |    18 |    58 |    27 |    53 |    12 |    23 |    12 |     6 |       ||   209
         Throwing net      |       |       |       |       |       |     2 |     1 |       |       ||     3
   Cast: Blink             |       |       |       |       |       |       |       |    11 |     1 ||    12
 Invoke: Oozemancy         |       |       |     2 |     3 |       |     2 |     1 |     6 |     2 ||    16
         Slimify           |       |       |       |       |       |       |     1 |       |       ||     1
  Evoke: Lightning rod     |       |       |       |     4 |     2 |     1 |     8 |     4 |       ||    19
         Wand              |       |       |       |     1 |     1 |     5 |     6 |     1 |       ||    14
         Condenser vane    |       |       |       |       |       |     3 |     3 |     2 |       ||     8
         Phial of floods   |       |       |       |       |       |     2 |     1 |       |       ||     3
         Phantom mirror    |       |       |       |       |       |     1 |       |     2 |       ||     3
    Use: Scroll            |     1 |     1 |    11 |     6 |     6 |    12 |    12 |     7 |       ||    56
         Potion            |       |     2 |     3 |     2 |     2 |     6 |    11 |     3 |       ||    29
   Stab: Sleeping          |    10 |     9 |    24 |    11 |    11 |    41 |    19 |    20 |     1 ||   146
         Distracted        |       |       |     2 |     1 |     7 |    14 |    12 |    26 |     2 ||    64
         Petrified         |       |       |       |     4 |       |       |       |       |       ||     4
         Petrifying        |       |       |       |     1 |       |       |       |       |       ||     1
         Confused          |       |       |       |     1 |    26 |     6 |     7 |    34 |     2 ||    76
         Invisible         |       |       |       |       |     3 |       |     2 |       |       ||     5
         Held in net/web   |       |       |       |       |       |     4 |     1 |       |       ||     5
 Armour: Leather armour    |    51 |   105 |   209 |   453 |       |       |       |       |       ||   818
         Scale mail        |       |       |       |    35 |   191 |       |       |       |       ||   226
         Chain mail        |       |       |       |       |   322 |  1372 |  1068 |  1068 |   160 ||  3990
  Dodge: Dodged            |    36 |    34 |   149 |   206 |   291 |   542 |   522 |   859 |   101 ||  2740

Table legend: (Time is in decaauts)
 A = Elapsed time spent in this place.
 B = Non-inter-level travel time spent in this place.
 C = Inter-level travel time spent in this place.
 D = Time resting spent in this place.
 E = Time spent auto-exploring this place.
 F = Levels seen in this place.
 G = Mean time per level.
                   A        B        C        D        E       F      G
               +--------+--------+--------+--------+--------+-----+--------+
         Total |  36670 |  32672 |   3998 |    124 |  21253 |  55 |  666.7 |
       Dungeon |  12182 |  10919 |   1263 |     63 |   8053 |  15 |  812.1 |
        Temple |      1 |      1 |      0 |      0 |      0 |   1 |    1.0 |
          Lair |   4835 |   4216 |    619 |     31 |   2849 |   5 |  967.0 |
        Shoals |   2300 |   2112 |    188 |     13 |   1167 |   4 |  575.0 |
   Spider Nest |   2689 |   2410 |    279 |     15 |   1275 |   4 |  672.2 |
    Slime Pits |    377 |    272 |    105 |      0 |      0 |   5 |   75.4 |
  Orcish Mines |   1179 |    961 |    218 |      0 |    642 |   2 |  589.5 |
   Elven Halls |   2698 |   2429 |    269 |      2 |   1637 |   3 |  899.3 |
        Vaults |   6680 |   5817 |    863 |      0 |   3738 |   5 | 1336.0 |
         Crypt |   1701 |   1546 |    155 |      0 |   1008 |   3 |  567.0 |
        Depths |   1063 |   1026 |     37 |      0 |    579 |   4 |  265.8 |
           Zot |     26 |     26 |      0 |      0 |      0 |   1 |   26.0 |
         Sewer |    356 |    356 |      0 |      0 |    160 |   1 |  356.0 |
        Bailey |    178 |    178 |      0 |      0 |      5 |   1 |  178.0 |
      Gauntlet |    397 |    397 |      0 |      0 |    139 |   1 |  397.0 |
               +--------+--------+--------+--------+--------+-----+--------+

Top non-repeatable levels by time:
Vaults:3: 1604 daAuts
Vaults:1: 1454 daAuts
Vaults:2: 1364 daAuts
Vaults:4: 1241 daAuts
  Lair:1: 1229 daAuts
    D:11: 1215 daAuts
     D:3: 1201 daAuts
     D:2: 1122 daAuts
   Elf:3: 1017 daAuts
  Lair:5: 1016 daAuts
Vaults:5: 1015 daAuts
   Elf:1: 1010 daAuts
    D:12: 974 daAuts
  Lair:3: 906 daAuts
     D:6: 884 daAuts
